 Dungeon Crawl Stone Soup version 0.30-a0-50-gb2d611f6b1 (webtiles) character file.

Game seed: 11234059157609969281

37671 Destapler the Cleaver (level 13, -1/175 HPs)
             Began as a Hill Orc Berserker on Sept 3, 2022.
             Was a High Priest of Trog.
             Slain by an orc knight
             ... wielding a +0 great sword
              (18 damage)
             ... on level 2 of the Orcish Mines.
             The game lasted 00:38:25 (18391 turns).

Destapler the Cleaver (Hill Orc Berserker)         Turns: 18391, Time: 00:38:25

Health: -1/175     AC: 23    Str: 39    XL:     13   Next: 98%
Magic:  13/13      EV: 12    Int:  7    God:    Trog [*****.]
Gold:   827        SH: 10    Dex: 10    Spells: 12/12 levels left

rFire   + + .      SeeInvis .    a - +7 war axe of the Spheres {elec, rC+}
rCold   . . .      Faith    .    q - +0 kite shield
rNeg    . . .      Spirit   .    m - +3 scale mail of Verorchio {rF++ rC- Will- Slay+3}
rPois   .          Reflect  .    o - +2 helmet of Insatiable Hunger {Rampage Str+8 Stlth-}
rElec   .          Harm     .    Y - +0 cloak
rCorr   .          Rampage  +    t - +0 pair of gloves
Will    .....                    v - +0 pair of boots
Stlth   ..........               b - amulet of the acrobat
HPRegen 0.39/turn                g - +6 ring of strength
MPRegen 0.13/turn                u - +4 ring of protection

@: berserking (expiring), spiked, studying Throwing, very quick
A: no striking features
a: Renounce Religion, Convert to Beogh, Berserk, Trog's Hand, Brothers in Arms


You were on level 2 of the Orcish Mines.
You worshipped Trog.
Trog was extremely pleased with you.
You visited 3 branches of the dungeon, and saw 15 of its levels.
You also visited: Ossuary.

You collected 1562 gold pieces.
You spent 735 gold pieces at shops.

Inventory:

Hand Weapons
 a - the +7 war axe of the Spheres (weapon) {elec, rC+}
   (You bought it in a shop on level 2 of the Dungeon)

   It occasionally discharges a powerful burst of electricity upon striking a
   foe.
   rC:        It protects you from cold.
 P - a +3 falchion
 W - a +1 broad axe
Missiles
 C - 11 boomerangs (quivered)
 D - 2 curare-tipped darts
 E - 31 poisoned darts
 M - 8 javelins
 Q - 4 throwing nets
Armour
 m - the +3 scale mail of Verorchio (worn) {rF++ rC- Will- Slay+3}
   (You found it on level 4 of the Dungeon)

   Slay:      It affects your accuracy & damage with ranged weapons and melee
   (+3).
   rF:        It greatly protects you from fire.
   rC:        It makes you vulnerable to cold.
   Will:      It decreases your willpower.
 o - the +2 helmet of Insatiable Hunger (worn) {Rampage Str+8 Stlth-}
   (You took it off Robin on level 2 of the Dungeon)

   Str:       It affects your strength (+8).
   Rampage:   It bestows one free step when moving towards enemies.
   Stlth:     It makes you less stealthy.
 q - a +0 kite shield (worn)
 t - a +0 pair of gloves (worn)
 v - a +0 pair of boots (worn)
 S - a +0 troll leather armour
 Y - a +0 cloak (worn)
Jewellery
 b - an amulet of the acrobat (around neck)
 g - a +6 ring of strength (left hand)
 u - a +4 ring of protection (right hand)
 G - a ring of protection from fire
 V - a ring of ice
Wands
 s - a wand of iceblast (4)
 K - a wand of light (10)
 L - a wand of flame (35)
 U - a wand of polymorph (5)
Scrolls
 c - 11 scrolls of teleportation
 e - 5 scrolls of immolation {unknown}
 f - a scroll of noise {unknown}
 i - 3 scrolls of enchant armour {unknown}
 k - 4 scrolls of vulnerability
 n - a scroll of magic mapping {unknown}
 w - 2 scrolls of blinking
 x - a scroll of silence {unknown}
 y - 5 scrolls of identify {unknown}
 A - 3 scrolls of fear {unknown}
 B - a scroll of poison {unknown}
 H - 2 scrolls of enchant weapon {unknown}
 R - a scroll of acquirement {unknown}
 X - 2 scrolls of amnesia {unknown}
Potions
 d - a potion of attraction {unknown}
 h - 6 potions of heal wounds {unknown}
 j - 3 potions of degeneration {unknown}
 l - 2 potions of haste
 p - 4 potions of curing {unknown}
 r - 2 potions of magic {unknown}
 z - 4 potions of mutation {unknown}
 F - 6 potions of brilliance {unknown}
 I - 2 potions of might {unknown}
 J - a potion of resistance {unknown}
 N - a potion of lignification {unknown}
 O - a potion of ambrosia {unknown}
 T - 3 potions of flight {unknown}


   Skills:
 + Level 11.9 Fighting
 + Level 12.9 Axes
 + Level 11.9 Throwing
 + Level 10.5 Armour
 + Level 8.0 Dodging
 + Level 10.0 Shields
 + Level 7.3 Evocations


You had 12 spell levels left.
You didn't know any spells.
Your spell library contained the following spells:

 Spells                   Type           Power      Damage    Failure   Level
 Freeze                   Ice            0%         1d3       86%         1
 Magic Dart               Conj           0%         1d3       86%         1
 Sandblast                Erth           0%         2d4       86%         1
 Call Imp                 Summ           0%         N/A       94%         2
 Passwall                 Tmut/Erth      0%         N/A       94%         2
 Frozen Ramparts          Ice            0%         1d1       99%         3
 Gell's Gravitas          Tloc           0%         N/A       99%         3
 Mephitic Cloud           Conj/Pois/Air  0%         N/A       99%         3
 Stone Arrow              Conj/Erth      0%         3d7       99%         3
 Teleport Other           Tloc           0%         N/A       99%         3
 Animate Armour           Summ/Erth      0%         N/A       100%        4
 Cause Fear               Hex            0%         N/A       100%        4
 Corpse Rot               Necr/Pois/Air  0%         N/A       100%        4
 Dispel Undead            Necr           0%         3d6       100%        4
 Hailstorm                Conj/Ice       0%         3d3       100%        4
 Ice Form                 Ice/Tmut       0%         N/A       100%        4
 Iskenderun's Battlesphe  Conj           0%         2d6       100%        5
 Death Channel            Necr           0%         N/A       100%        6
 Dispersal                Tloc           0%         N/A       100%        6
 Iron Shot                Conj/Erth      0%         9d1       100%        6
 Simulacrum               Ice/Necr       0%         N/A       100%        6
 Dragon Form              Tmut           0%         N/A       100%        7
 Malign Gateway           Summ/Tloc      0%         N/A       100%        7
 Spellforged Servitor     Conj/Summ      0%         N/A       100%        7
 Lehudib's Crystal Spear  Conj/Erth      0%         10d2      100%        8
 Summon Horrible Things   Summ           0%         N/A       100%        8
 Dragon's Call            Summ           0%         N/A       100%        9


Dungeon Overview and Level Annotations

Branches:
Dungeon (11/15)            Temple (0/1) D:6            Lair (2/5) D:8
    Orc (2/2) D:11            Elf (0/3) Orc:2       Ossuary (visited)
  Swamp: Lair:2-3    Shoals: Lair:2-3     Snake: Lair:2-3    Spider: Lair:2-3

Altars:
Elyvilon
Fedhas
Makhleb
Nemelex Xobeh
Qazlal
Ru
Sif Muna
Trog
Uskayaw
Xom
Zin

Shops:
D:2 :(:   D:3 !=*   D:8 =

Annotations:
Lair:2 exclusion: ice statue
Orc:2 3 runed translucent doors, Stonecrops's ghost, journeyman DsBe; Stonecrops's ghost, journeyman HOBe; djsbf's ghost, journeyman SpEn; mora's ghost, journeyman DsGl


Message History

The red devil hits you from afar with a +0 trident!
* * * LOW HITPOINT WARNING * * *
Barbed spikes become lodged in your body.
The orc high priest shouts, "Surrender to Beogh and we'll let you live!"
You are too injured to fight recklessly!
The orc high priest shouts, "Surrender to Beogh and we'll let you live!"
You slice the orc knight!!
The orc knight is heavily wounded.
The orc high priest shouts, "Surrender to Beogh and we'll let you live!"
You hit the orc warrior.
Lightning courses through the orc warrior!
You closely miss the orc high priest.
The orc high priest no longer looks unusually strong.
You block the orc high priest's attack.
The orc knight hits you with a +0 great sword.
* * * LOW HITPOINT WARNING * * *
You hit the orc knight.
Lightning courses through the orc knight!!
The orc knight is severely wounded.
You closely miss the orc knight. You slash the orc high priest!
The red devil hits you but does no damage.
Unknown command.
You slash the orc knight!
The orc knight is almost dead.
You barely miss the orc knight. You slash the orc high priest!
The orc high priest hits you with a +0 battleaxe!
* * * LOW HITPOINT WARNING * * *
You block the orc knight's attack.
The orc high priest calls upon Beogh to heal the orc high priest.
The orc high priest is healed somewhat.
The orc high priest shouts, "Join the one true god or die!"
You completely miss the orc knight.
The orc knight is almost dead.
The orc high priest shouts, "Join the one true god or die!"
You slash the orc high priest! You slice the orc knight!!
The red devil barely misses you.
The orc knight hits you with a +2 battleaxe!!
* * * LOW HITPOINT WARNING * * *
The orc knight hits you with a +0 great sword!!
You die...

####### ###.....### ##..
##.........### ##....
......)......## #......
..............###.......
#.#.#.#.#.#.#.#.#.#.#.#.
).)..............o4.....
..............#.#ooo....
..............))@oooo...
#.#.#.#.#.#.#.#.#o#o#.#.
..............###o4.
.............## #o...
##.........### ##....
###.....### ##.. ### #
###############
...........#..## #####


You could see 2 orc knights, 3 orc high priests, an ice devil (summoned), a red
devil (summoned) and 7 orc warriors.

Vanquished Creatures
  Gastronok (Lair:2)
  Erolcha (Orc:1)
  Harold (D:11)
  A hydra (Lair:2)
  An ice dragon (Lair:2)
  A catoblepas (Lair:2)
  2 two-headed ogres
  8 death yaks
  An orc high priest (Orc:2)
  Urug (Lair:2)
  The ghost of tensugalgo the Nimble, a journeyman FeCK of Xom (Lair:2)
  Lodul (D:10)
  7 orc knights
  An orc sorcerer (Orc:2)
  5 elephants (Lair:1)
  A gargoyle (D:10)
  A torpor snail (Lair:1)
  4 cane toads
  A rime drake (Lair:1)
  2 komodo dragons (Lair:1)
  4 trolls (Orc:2)
  A polar bear (Lair:2)
  Grinder (D:3)
  A hornet (D:11)
  Prince Ribbit (D:7)
  3 blink frogs (Lair:2)
  Sigmund (D:3)
  A spriggan (Lair:1)
  A shadow (D:11)
  30 yaks
  A basilisk (Lair:1)
  A steam dragon (D:7)
  5 wargs
  Duvessa (D:7)
  An acid dragon (D:9)
  4 water moccasins
  5 ice beasts
  29 orc warriors
  3 black bears
  4 wolves (Lair:1)
  13 ogres
  2 centaurs
  4 kobold brigands
  Blork the orc (D:5)
  A scorpion (D:6)
  8 bullfrogs
  3 wights (D:7)
  Dowan (D:7)
  16 killer bees
  2 jellies
  8 howler monkeys
  6 hounds
  39 orc priests
  Jessica (D:3)
  Natasha (thrice) (D:3)
  3 hell rats (D:8)
  3 iguanas
  19 orc wizards
  A mummy (Ossuary)
  Robin (D:2)
  8 adders
  5 gnolls
  2 river rats (D:8)
  A shadow imp (D:5)
  5 white imps
  2 ufetubi (D:5)
  4 worms
  6 dart slugs
  81 orcs
  4 spectral bats (Ossuary)
  10 ball pythons
  2 endoplasms
  2 giant cockroaches (D:3)
  12 gnoll zombies (Ossuary)
  13 goblins
  8 hobgoblins
  9 quokkas
  5 bats
  2 frilled lizards (D:2)
  2 goblin simulacra (Ossuary)
  3 goblin zombies (Ossuary)
  5 hobgoblin zombies (Ossuary)
  28 kobolds
  2 kobold simulacra (Ossuary)
  6 kobold zombies (Ossuary)
  4 orc zombies (Ossuary)
  7 rats
  3 rat simulacra (Ossuary)
  2 rat zombies (D:7)
  4 spectral goblins (Ossuary)
  A spectral kobold (Ossuary)
523 creatures vanquished.

Vanquished Creatures (others)
  12 fungi
  42 plants
54 creatures vanquished.

Grand Total: 577 creatures vanquished

Notes
Turn   | Place    | Note
-------+----------+-------------------------------------------
     0 | D:1      | Destapler the Hill Orc Berserker began the quest for the
                  | Orb.
     0 | D:1      | Reached XP level 1. HP: 19/19 MP: 1/1
   256 | D:1      | Found a faded altar of an unknown god.
   287 | D:1      | Reached XP level 2. HP: 27/27 MP: 2/2
  1128 | D:2      | Reached XP level 3. HP: 30/33 MP: 3/3
  1133 | D:2      | Identified the +2 helmet of Insatiable Hunger {Rampage
                  | Str+8 Stlth-}
  1133 | D:2      | Noticed Robin
  1156 | D:2      | Killed Robin
  1156 | D:2      | Reached ** piety under Trog
  1524 | D:2      | Found Vocliuwk's Book Shop.
  1540 | D:2      | Found a glowing silver altar of Zin.
  1682 | D:2      | Reached XP level 4. HP: 36/40 MP: 4/4
  2012 | D:2      | Reached skill level 1 in Throwing
  2145 | D:2      | Found Qeevecvi's Book Emporium.
  2242 | D:2      | Found Ehakuunk's Antique Weapon Shop.
  2677 | D:3      | Reached XP level 5. HP: 43/47 MP: 5/5
  2705 | D:3      | Found Gioth's Jewellery Shoppe.
  2721 | D:3      | Found Juvvon's Assorted Antiques.
  2794 | D:3      | Noticed Jessica
  2808 | D:3      | Killed Jessica
  2809 | D:3      | Reached skill level 1 in Shields
  2965 | D:3      | Reached skill level 5 in Axes
  3190 | D:3      | Noticed Natasha
  3197 | D:3      | Killed Natasha
  3197 | D:3      | Noticed Sigmund
  3205 | D:3      | Killed Sigmund
  3206 | D:3      | Reached skill level 5 in Fighting
  3206 | D:3      | Reached XP level 6. HP: 56/56 MP: 6/6
  3311 | D:3      | Noticed Grinder
  3336 | D:3      | Killed Grinder
  3337 | D:3      | Reached XP level 7. HP: 61/61 MP: 7/7
  3582 | D:3      | Found Noiss's Distillery.
  3599 | D:3      | Found a blossoming altar of Fedhas.
  3599 | D:3      | Found a shimmering blue altar of Sif Muna.
  3736 | D:3      | Noticed Natasha
  3743 | D:3      | Killed Natasha
  3898 | D:3      | Noticed Natasha
  3904 | D:3      | Killed Natasha
  3905 | D:3      | Reached skill level 6 in Axes
  4361 | D:4      | Identified the +3 scale mail of Verorchio {rF++ rC- Will-
                  | Slay+3}
  4483 | D:5      | Entered Level 5 of the Dungeon
  4516 | D:5      | Noticed Blork the orc
  4527 | D:5      | Killed Blork the orc
  4528 | D:5      | Reached XP level 8. HP: 70/70 MP: 8/8
  5360 | D:6      | Reached skill level 5 in Armour
  5991 | D:2      | Bought a pitted war axe for 255 gold pieces
  5991 | D:2      | Identified the +7 war axe of the Spheres {elec, rC+} (You
                  | bought it in a shop on level 2 of the Dungeon)
  6288 | D:6      | Reached skill level 7 in Axes
  6288 | D:6      | Reached skill level 5 in Throwing
  6310 | D:6      | Reached XP level 9. HP: 68/78 MP: 9/9
  6406 | D:6      | Reached *** piety under Trog
  6496 | D:6      | Found a staircase to the Ecumenical Temple.
  6551 | D:6      | Found a stormy altar of Qazlal.
  6582 | D:6      | Found a shimmering altar of Xom.
  6731 | D:7      | Found a sand-covered staircase.
  6742 | Ossuary  | Entered an ossuary
  6944 | Ossuary  | Reached **** piety under Trog
  7248 | D:7      | Reached skill level 5 in Shields
  7249 | D:7      | Reached skill level 8 in Axes
  7332 | D:7      | Found a hide-covered altar of Uskayaw.
  7394 | D:7      | Noticed Dowan
  7398 | D:7      | Killed Dowan
  7410 | D:7      | Noticed Duvessa
  7419 | D:7      | Killed Duvessa
  7915 | D:7      | Noticed Prince Ribbit
  8001 | D:7      | Killed Prince Ribbit
  8002 | D:7      | Reached XP level 10. HP: 88/88 MP: 10/10
  8086 | D:7      | Found a sacrificial altar of Ru.
  8086 | D:7      | Found a faded altar of an unknown god.
  8094 | D:7      | Found a bloodstained altar of Trog.
  8096 | D:7      | Found a sparkling altar of Nemelex Xobeh.
  8098 | D:7      | Found a faded altar of an unknown god.
  8107 | D:7      | Reached skill level 5 in Dodging
  8602 | D:8      | Noticed a death yak
  8603 | D:8      | Noticed a death yak
  8603 | D:8      | Noticed a death yak
  8634 | D:7      | Killed a death yak
  8635 | D:7      | Reached skill level 1 in Evocations
  8775 | D:7      | Killed a death yak
  8776 | D:7      | Reached skill level 9 in Axes
  8945 | D:8      | Killed a death yak
  9048 | D:8      | Found a staircase to the Lair.
  9093 | D:8      | Found Rougiguc's Jewellery Emporium.
 10041 | D:9      | Reached ***** piety under Trog
 10210 | D:9      | Found a white marble altar of Elyvilon.
 10523 | D:9      | Found a glowing silver altar of Zin.
 10590 | D:9      | Reached XP level 11. HP: 95/95 MP: 11/11
 10769 | D:10     | Entered Level 10 of the Dungeon
 11222 | D:10     | Noticed a two-headed ogre
 11231 | D:10     | Killed a two-headed ogre
 11232 | D:10     | Reached skill level 10 in Axes
 11415 | D:11     | Noticed Lodul
 11448 | D:10     | Killed Lodul
 11650 | D:11     | Found a staircase to the Orcish Mines.
 11678 | D:11     | Noticed a two-headed ogre
 11685 | D:11     | Killed a two-headed ogre
 12089 | D:11     | Paralysed by a hornet for 1 turns
 12315 | D:11     | Noticed Harold
 12323 | D:11     | Killed Harold
 12646 | D:8      | Bought an amulet of the acrobat for 480 gold pieces
 12668 | Lair:1   | Entered Level 1 of the Lair of Beasts
 12908 | Lair:1   | Reached XP level 12. HP: 88/106 MP: 12/12
 12913 | Lair:1   | Reached skill level 10 in Fighting
 12923 | Lair:1   | Reached skill level 11 in Axes
 13163 | Lair:1   | Reached skill level 5 in Evocations
 13269 | Lair:1   | Reached skill level 10 in Throwing
 13958 | Lair:2   | Noticed a death yak
 13959 | Lair:2   | Noticed a death yak
 13959 | Lair:2   | Noticed a death yak
 13959 | Lair:2   | Noticed a death yak
 13960 | Lair:2   | Noticed a death yak
 13967 | Lair:2   | Killed a death yak
 13969 | Lair:2   | Killed a death yak
 13974 | Lair:2   | Killed a death yak
 13974 | Lair:2   | Killed a death yak
 13976 | Lair:2   | Killed a death yak
 14343 | Lair:2   | Noticed Urug
 14352 | Lair:2   | Killed Urug
 14353 | Lair:2   | Reached XP level 13. HP: 115/115 MP: 13/13
 14861 | Lair:2   | Reached skill level 12 in Axes
 15002 | Lair:2   | Noticed an ice dragon
 15015 | Lair:2   | Killed an ice dragon
 15114 | Lair:2   | Noticed Gastronok
 15124 | Lair:2   | Killed Gastronok
 15472 | Lair:2   | Found a runed translucent gate.
 15472 | Lair:2   | Found a runed translucent gate.
 15472 | Lair:2   | Found a runed translucent gate.
 15477 | Lair:2   | Noticed tensugalgo's ghost (journeyman FeCK)
 15484 | Lair:2   | Killed tensugalgo's ghost
 15652 | Lair:1   | Reached skill level 10 in Armour
 15850 | Orc:1    | Entered Level 1 of the Orcish Mines
 16007 | Orc:2    | Entered Level 2 of the Orcish Mines
 16022 | Orc:2    | Received a gift from Trog
 16291 | Orc:1    | Noticed Erolcha
 16310 | Orc:1    | Killed Erolcha
 16687 | Orc:2    | Found a runed translucent gate.
 16688 | Orc:2    | Found a runed translucent gate.
 16689 | Orc:2    | Found a runed translucent gate.
 16690 | Orc:2    | Noticed mora's ghost (journeyman DsGl)
 16690 | Orc:2    | Noticed Stonecrops's ghost (journeyman HOBe)
 16690 | Orc:2    | Noticed Stonecrops's ghost (journeyman DsBe)
 16690 | Orc:2    | Noticed djsbf's ghost (journeyman SpEn)
 16695 | Orc:2    | Found a burning altar of Makhleb.
 16720 | Orc:2    | Paralysed by an orc sorcerer for 3 turns
 16772 | Orc:2    | Found a staircase to the Elven Halls.
 18379 | Orc:2    | Reached skill level 10 in Shields
 18391 | Orc:2    | Slain by an orc knight

Illustrated notes

Levels and vault maps discovered:
D:1:      nagdon_arrival_zigzag_paths, layout_basic,
          dreamdust_ecumenical_altar_grove, minmay_tall_x
D:2:      wad_woods_tower, layout_loops_ring, basic_altar, serial_shops,
          nicolae_shop_statue_plus, nicolae_shop_trees, shop, uniq_robin
D:3:      layout_basic, jmf_multi_god_temple, serial_shops,
          nicolae_shop_overgrown_old_shop, shop_statue,
          nicolae_shop_hallway_plus, uniq_grinder, uniq_jessica, uniq_sigmund,
          uniq_natasha
D:4:      layout_rooms, chequers_serial_rivers_marsh
D:5:      layout_rooms, grunt_decor_cap, uniq_blork_the_orc
D:6:      layout_basic, mainiacjoe_overflow_catwalk_spiral,
          minmay_temple_entry_trees, amcnicky_mini_corridor_feature
D:7:      layout_loops_cross, chequers_temple_overflow_minitemple,
          nicolae_overflow_hidden_temple, enter_ossuary_4, uniq_prince_ribbit1,
          uniq_duvessa
D:8:      layout_layer_cave, dpeg_lair_monsters, serial_shops,
          nicolae_shop_crystal
D:9:      layout_loops_ring, mainiacjoe_overflow_small_starburst,
          mainiacjoe_overflow_surrounded_room
D:10:     layout_roguey
D:11:     layout_loops_ring, erik_orc_3, uniq_harold, uniq_lodul
Lair:1:   layout_loops_ring, st_stairs_11, wad_woods_03
Lair:2:   layout_layer_cave, portal_ice_cave_entry_pillars_1,
          ebering_ghost_rock_garden, ice2_lemuel, lemuel_fruit_fields,
          lemuel_fruit_tree, uniq_gastronok, uniq_amaemon, uniq_urug
Orc:1:    layout_diamond_mine, uniq_erolcha
Orc:2:    st_orc_pillars, layout_caves, gammafunk_ghost_cemetery, bloody_makhleb

Skill      XL: |  1  2  3  4  5  6  7  8  9 10 11 12 13 |
---------------+----------------------------------------+-----
Fighting       | 4 5 6 7 8 9 10 11 | 11.9
Dodging        | 2 3 4 5 6 7 8 |  8.0
Armour         | 3 4 5 6 7 8 9 10 | 10.5
Throwing       | 1 2 3 4 5 7 8 9 10 11 | 11.9
Shields        | 2 3 4 5 6 7 9 10 | 10.0
Axes           | 5 6 7 8 9 10 11 12 | 12.9
Evocations     | 2 4 6 7 |  7.3

Action                   |  1- 3 |  4- 6 |  7- 9 | 10-12 | 13-15 || total
-------------------------+-------+-------+-------+-------+-------++-------
Melee: Hand axe          |    83 |       |       |       |       ||    83
       Dagger            |    12 |   130 |   241 |       |       ||   383
       War axe           |       |       |   160 |   366 |   348 ||   874
Throw: Boomerang         |       |       |       |     8 |       ||     8
Invok: Berserk           |     1 |     4 |     9 |    14 |     8 ||    36
       Trog's Hand       |       |     1 |     1 |       |     1 ||     3
Evoke: Wand              |       |       |       |       |     6 ||     6
  Use: Scroll            |       |       |     1 |     2 |     2 ||     5
 Stab: Sleeping          |     1 |       |       |       |       ||     1
Armor: Animal skin       |    16 |    52 |   143 |       |       ||   211
       Scale mail        |       |       |    54 |   124 |   133 ||   311
Dodge: Dodged            |    64 |    45 |   209 |   132 |   261 ||   711
Block: Kite shield       |       |    42 |   182 |   136 |   190 ||   550

Table legend: (Time is in decaauts)
 A = Elapsed time spent in this place.
 B = Non-inter-level travel time spent in this place.
 C = Inter-level travel time spent in this place.
 D = Time resting spent in this place.
 E = Time spent auto-exploring this place.
 F = Levels seen in this place.
 G = Mean time per level.
                   A        B        C        D        E       F      G
               +--------+--------+--------+--------+--------+-----+--------+
         Total |  18909 |  17913 |    996 |   4523 |  10270 |  16 | 1181.8 |
       Dungeon |  12768 |  11899 |    869 |   2756 |   7322 |  11 | 1160.7 |
          Lair |   3181 |   3121 |     60 |   1077 |   1393 |   2 | 1590.5 |
  Orcish Mines |   2578 |   2512 |     66 |    689 |   1337 |   2 | 1289.0 |
       Ossuary |    381 |    381 |      0 |      0 |    218 |   1 |  381.0 |
               +--------+--------+--------+--------+--------+-----+--------+

Top non-repeatable levels by time:
  Lair:1: 1940 daAuts
     D:3: 1756 daAuts
     D:7: 1569 daAuts
     D:5: 1552 daAuts
   Orc:2: 1512 daAuts
     D:8: 1498 daAuts
     D:2: 1382 daAuts
  Lair:2: 1240 daAuts
    D:11: 1199 daAuts
     D:1: 1145 daAuts
   Orc:1: 1066 daAuts
     D:9: 789 daAuts
    D:10: 773 daAuts
     D:4: 591 daAuts
     D:6: 509 daAuts
